[ AOE2 MATCH · #468597955 ]
UnrankedTeutons vs Turks
[ REPLAY ANALYSIS · EXTRACTED FROM THE RECORDED GAME ]
Feudal
10:41
Castle
14:23
Imperial
33:06
| APM avg | 31.8 |
| APM peak | 89 |
| eAPM avg | 16.6 |
| Villagers / military | 134 / 63 |
Focus
⚔️ 24.9% · 🌾 75.1%
Knight ×56 · Trebuchet (Packed) ×5 · Teutonic Knight ×2
Feudal
13:12
Castle
17:07
Imperial
23:00
| APM avg | 35.4 |
| APM peak | 84 |
| eAPM avg | 14.0 |
| Villagers / military | 87 / 65 |
Focus
⚔️ 19.8% · 🌾 80.2%
Hand Cannoneer ×55 · Bombard Cannon ×10
Feudal
12:12
Castle
17:48
Imperial
31:44
| APM avg | 29.1 |
| APM peak | 71 |
| eAPM avg | 17.6 |
| Villagers / military | 142 / 51 |
Focus
⚔️ 24.2% · 🌾 75.8%
Spearman ×22 · Knight ×13 · Monk ×5 · Bombard Cannon ×5 · Mangonel ×3 · Trebuchet (Packed) ×3
Feudal
12:28
Castle
16:36
Imperial
—
| APM avg | 33.5 |
| APM peak | 81 |
| eAPM avg | 24.1 |
| Villagers / military | 76 / 69 |
Focus
⚔️ 26.3% · 🌾 73.7%
Skirmisher ×55 · Steppe Lancer ×11 · Monk ×3
Feudal
11:40
Castle
15:38
Imperial
34:41
| APM avg | 20.9 |
| APM peak | 51 |
| eAPM avg | 12.2 |
| Villagers / military | 130 / 118 |
Focus
⚔️ 23.0% · 🌾 77.0%
Fire Lancer ×103 · Battering Ram ×15
Feudal
10:47
Castle
14:13
Imperial
28:53
| APM avg | 42.4 |
| APM peak | 87 |
| eAPM avg | 21.4 |
| Villagers / military | 204 / 81 |
Focus
⚔️ 24.1% · 🌾 75.9%
War Elephant ×70 · Trebuchet (Packed) ×11
Feudal
10:57
Castle
16:39
Imperial
34:03
| APM avg | 32.1 |
| APM peak | 87 |
| eAPM avg | 19.2 |
| Villagers / military | 112 / 70 |
Focus
⚔️ 34.4% · 🌾 65.6%
Knight ×36 · Spearman ×31 · Battering Ram ×3
Feudal
10:30
Castle
14:22
Imperial
27:53
| APM avg | 49.2 |
| APM peak | 98 |
| eAPM avg | 27.2 |
| Villagers / military | 212 / 60 |
Focus
⚔️ 23.2% · 🌾 76.8%
Hussite Wagon ×45 · Bombard Cannon ×8 · Battering Ram ×4 · Trebuchet (Packed) ×2 · Monk ×1
Match map
Initial resources + every placement click. Lines = walls · curves = elevation contours. ◆ gold · ⬟ stone · ● berries · ✦ relic · ◌ wall gap
Your base· ✓ Closed at 14:23 · 0t walls · 2 gate(s)
不明步行下體's base· ✓ Closed at 17:07 · 0t walls · 2 gate(s)
MA's base· ✓ Closed at 17:48 · 0t walls · 2 gate(s)
Gonnar's base· ✓ Closed at 16:36 · 0t walls · 2 gate(s)
福゚゙'s base· ✓ Closed at 15:38 · 0t walls · 2 gate(s)
苍白的时间's base· ✓ Closed at 14:13 · 0t walls · 2 gate(s)
chichimp's base· ✓ Closed at 16:39 · 0t walls · 2 gate(s)
uniods's base· ✓ Closed at 14:22 · 0t walls · 2 gate(s)
Smoothed initial terrain · ◌ = detected wall gap · hover for details
Inputs per minute
— ἈΔΕΛΦΌΣ - - 不明步行下體
Build order — ἈΔΕΛΦΌΣ
First 150 of 297 actions detected
| 0:00 | Queue | Villager (Male) |
| 0:00 | Queue | Villager (Male) |
| 0:03 | Build | House |
| 0:04 | Build | House |
| 0:05 | Queue | Villager (Male) |
| 0:05 | Queue | Villager (Male) |
| 1:01 | Build | Lumber Camp |
| 1:40 | Queue | Villager (Male) |
| 2:24 | Queue | Villager (Male) |
| 3:00 | Queue | Villager (Male) |
| 3:06 | Build | House |
| 3:07 | Build | House |
| 3:12 | Build | House |
| 3:13 | Build | House |
| 3:26 | Queue | Villager (Male) |
| 3:52 | Queue | Villager (Male) |
| 3:55 | Queue | Villager (Male) |
| 4:20 | Queue | Villager (Male) |
| 4:21 | Queue | Villager (Male) |
| 4:45 | Queue | Villager (Male) |
| 5:08 | Build | Mill |
| 5:37 | Queue | Villager (Male) |
| 5:37 | Queue | Villager (Male) |
| 6:00 | Queue | Villager (Male) |
| 6:53 | Queue | Villager (Male) |
| 7:33 | Queue | Villager (Male) |
| 7:44 | Queue | Villager (Male) |
| 8:11 | Build | Mining Camp |
| 8:25 | Build | Mining Camp |
| 8:27 | Queue | Villager (Male) |
| 8:31 | Research | Feudal Age |
| 9:10 | Build | Farm |
| 9:14 | Build | Farm |
| 9:17 | Queue | Villager (Male) |
| 9:17 | Queue | Villager (Male) |
| 9:36 | Build | Farm |
| 9:39 | Build | Farm |
| 10:41 | Age | Feudal Age |
| 10:46 | Build | Market |
| 10:53 | Build | Blacksmith |
| 11:43 | Research | Castle Age |
| 12:30 | Research | Double-Bit Axe |
| 12:45 | Research | Horse Collar |
| 14:02 | Queue | Villager (Male) |
| 14:02 | Queue | Villager (Male) |
| 14:23 | Age | Castle Age |
| 14:27 | Build | Town Center |
| 14:31 | Queue | Villager (Male) |
| 14:38 | Build | Town Center |
| 15:25 | Research | Scale Barding Armor |
| 15:47 | Queue | Villager (Male) |
| 16:08 | Queue | Villager (Male) |
| 16:08 | Queue | Villager (Male) |
| 16:10 | Queue | Villager (Male) |
| 16:13 | Build | Farm |
| 16:15 | Build | Farm |
| 16:16 | Build | Farm |
| 16:19 | Build | Farm |
| 16:21 | Queue | Villager (Male) |
| 16:23 | Build | Farm |
| 16:29 | Queue | Villager (Male) |
| 16:31 | Queue | Villager (Male) |
| 16:50 | Build | Lumber Camp |
| 17:04 | Build | House |
| 17:04 | Queue | Villager (Male) |
| 17:24 | Queue | Villager (Male) |
| 17:27 | Queue | Villager (Male) |
| 17:27 | Queue | Villager (Male) |
| 17:32 | Build | House |
| 17:36 | Build | Farm |
| 17:41 | Build | Farm |
| 17:42 | Build | Farm |
| 17:48 | Build | Farm |
| 17:49 | Build | Farm |
| 17:50 | Build | Farm |
| 17:54 | Queue | Villager (Male) |
| 17:54 | Queue | Villager (Male) |
| 17:58 | Build | Farm |
| 17:59 | Build | Farm |
| 17:59 | Build | Farm |
| 18:09 | Queue | Villager (Male) |
| 18:10 | Queue | Villager (Male) |
| 18:15 | Build | House |
| 18:16 | Build | House |
| 18:17 | Build | House |
| 18:18 | Build | House |
| 18:29 | Queue | Villager (Male) |
| 18:36 | Build | Farm |
| 18:38 | Build | Farm |
| 18:41 | Queue | Villager (Male) |
| 19:05 | Queue | Villager (Male) |
| 19:05 | Queue | Villager (Male) |
| 19:06 | Queue | Villager (Male) |
| 19:09 | Queue | Villager (Male) |
| 19:19 | Build | Farm |
| 19:20 | Build | Farm |
| 19:20 | Build | Farm |
| 19:20 | Build | Farm |
| 19:20 | Build | Farm |
| 19:31 | Queue | Villager (Male) |
| 19:31 | Queue | Villager (Male) |
| 19:31 | Queue | Villager (Male) |
| 19:50 | Build | Farm |
| 19:50 | Build | Farm |
| 19:56 | Queue | Villager (Male) |
| 19:56 | Queue | Villager (Male) |
| 19:56 | Queue | Villager (Male) |
| 19:58 | Queue | Villager (Male) |
| 20:11 | Build | Mining Camp |
| 20:14 | Build | House |
| 20:15 | Build | House |
| 20:17 | Build | House |
| 20:18 | Build | House |
| 20:19 | Build | House |
| 20:23 | Build | House |
| 20:24 | Build | House |
| 20:25 | Build | House |
| 20:29 | Research | Wheelbarrow |
| 20:29 | Queue | Villager (Male) |
| 20:39 | Queue | Villager (Male) |
| 20:47 | Build | Farm |
| 20:48 | Build | Farm |
| 20:48 | Build | Farm |
| 20:48 | Build | Farm |
| 20:49 | Build | Farm |
| 20:52 | Build | Farm |
| 20:53 | Build | Farm |
| 20:57 | Research | Bow Saw |
| 21:06 | Queue | Villager (Male) |
| 21:07 | Queue | Villager (Male) |
| 21:34 | Queue | Villager (Male) |
| 21:34 | Queue | Villager (Male) |
| 21:35 | Queue | Villager (Male) |
| 21:35 | Queue | Villager (Male) |
| 21:35 | Queue | Villager (Male) |
| 21:50 | Build | Town Center |
| 21:57 | Queue | Villager (Male) |
| 22:33 | Queue | Villager (Male) |
| 22:34 | Queue | Villager (Male) |
| 22:34 | Queue | Villager (Male) |
| 22:34 | Queue | Villager (Male) |
| 22:34 | Queue | Villager (Male) |
| 22:35 | Queue | Villager (Male) |
| 22:52 | Build | Town Center |
| 22:59 | Queue | Villager (Male) |
| 22:59 | Queue | Villager (Male) |
| 22:59 | Queue | Villager (Male) |
| 23:00 | Queue | Villager (Male) |
| 23:03 | Queue | Villager (Male) |
| 23:03 | Queue | Villager (Male) |
Build order — 不明步行下體
First 150 of 200 actions detected
| 0:03 | Queue | Villager (Male) |
| 0:03 | Queue | Villager (Male) |
| 0:04 | Queue | Villager (Male) |
| 0:04 | Queue | Villager (Male) |
| 0:04 | Queue | Villager (Male) |
| 0:06 | Build | House |
| 0:07 | Build | House |
| 1:53 | Queue | Villager (Male) |
| 1:53 | Queue | Villager (Male) |
| 1:58 | Build | Lumber Camp |
| 2:28 | Queue | Villager (Male) |
| 2:28 | Queue | Villager (Male) |
| 2:29 | Queue | Villager (Male) |
| 3:06 | Queue | Villager (Male) |
| 3:06 | Queue | Villager (Male) |
| 3:49 | Queue | Villager (Male) |
| 3:50 | Queue | Villager (Male) |
| 3:50 | Queue | Villager (Male) |
| 4:03 | Build | House |
| 4:32 | Build | Mill |
| 4:33 | Queue | Villager (Male) |
| 4:33 | Queue | Villager (Male) |
| 4:33 | Queue | Villager (Male) |
| 5:55 | Queue | Villager (Male) |
| 5:56 | Queue | Villager (Male) |
| 5:56 | Queue | Villager (Male) |
| 5:56 | Queue | Villager (Male) |
| 7:17 | Build | Farm |
| 7:19 | Queue | Villager (Male) |
| 7:19 | Queue | Villager (Male) |
| 7:23 | Build | House |
| 7:28 | Research | Loom |
| 7:48 | Queue | Villager (Male) |
| 7:51 | Build | Farm |
| 7:57 | Queue | Villager (Male) |
| 8:09 | Queue | Villager (Male) |
| 8:23 | Build | Mining Camp |
| 8:55 | Build | House |
| 9:22 | Queue | Villager (Male) |
| 9:23 | Queue | Villager (Male) |
| 9:25 | Queue | Villager (Male) |
| 9:26 | Queue | Villager (Male) |
| 9:52 | Research | Feudal Age |
| 11:45 | Queue | Villager (Male) |
| 11:45 | Queue | Villager (Male) |
| 11:49 | Build | Farm |
| 11:50 | Build | Farm |
| 11:52 | Build | Farm |
| 11:59 | Build | Farm |
| 12:07 | Build | Farm |
| 12:25 | Build | Farm |
| 13:12 | Age | Feudal Age |
| 13:18 | Build | Market |
| 13:22 | Build | Blacksmith |
| 13:45 | Build | House |
| 13:48 | Queue | Villager (Male) |
| 14:05 | Build | House |
| 14:27 | Research | Castle Age |
| 14:36 | Research | Double-Bit Axe |
| 14:48 | Build | Farm |
| 16:04 | Build | Farm |
| 16:06 | Build | Farm |
| 16:07 | Build | Farm |
| 16:08 | Build | Farm |
| 16:17 | Research | Horse Collar |
| 17:01 | Queue | Villager (Male) |
| 17:01 | Queue | Villager (Male) |
| 17:07 | Age | Castle Age |
| 17:26 | Build | Monastery |
| 17:38 | Queue | Villager (Male) |
| 18:30 | Build | University |
| 18:32 | Queue | Villager (Male) |
| 19:00 | Queue | Villager (Male) |
| 19:06 | Build | Farm |
| 19:10 | Research | Bow Saw |
| 19:24 | Queue | Villager (Male) |
| 19:47 | Build | House |
| 19:49 | Research | Imperial Age |
| 20:21 | Build | Siege Workshop |
| 20:35 | Build | House |
| 20:40 | Queue | Villager (Male) |
| 20:40 | Queue | Villager (Male) |
| 20:45 | Queue | Villager (Male) |
| 21:17 | Build | Barracks |
| 21:43 | Build | House |
| 21:46 | Build | House |
| 22:06 | Research | Ballistics |
| 23:00 | Age | Imperial Age |
| 23:03 | Queue | Bombard Cannon |
| 23:04 | Queue | Bombard Cannon |
| 23:15 | Queue | Villager (Male) |
| 23:26 | Build | House |
| 23:53 | Build | Mining Camp |
| 23:55 | Build | Farm |
| 23:59 | Build | Farm |
| 24:01 | Build | Farm |
| 24:05 | Queue | Bombard Cannon |
| 24:17 | Research | Wheelbarrow |
| 24:18 | Queue | Villager (Male) |
| 24:18 | Queue | Villager (Male) |
| 24:32 | Build | House |
| 25:05 | Build | Archery Range |
| 25:06 | Build | Archery Range |
| 25:13 | Research | Fletching |
| 25:14 | Research | Padded Archer Armor |
| 25:18 | Queue | Villager (Male) |
| 25:24 | Research | Gold Mining |
| 25:27 | Research | Stone Mining |
| 26:18 | Queue | Hand Cannoneer |
| 26:18 | Queue | Hand Cannoneer |
| 26:23 | Build | Archery Range |
| 26:27 | Queue | Villager (Male) |
| 26:28 | Queue | Villager (Male) |
| 26:30 | Research | Bodkin Arrow |
| 26:47 | Queue | Bombard Cannon |
| 26:49 | Queue | Villager (Male) |
| 26:50 | Queue | Villager (Male) |
| 27:20 | Queue | Bombard Cannon |
| 27:35 | Queue | Hand Cannoneer |
| 27:35 | Queue | Hand Cannoneer |
| 27:35 | Queue | Hand Cannoneer |
| 27:36 | Queue | Hand Cannoneer |
| 28:35 | Queue | Hand Cannoneer |
| 28:35 | Queue | Hand Cannoneer |
| 28:35 | Queue | Hand Cannoneer |
| 28:37 | Build | House |
| 28:37 | Build | House |
| 28:38 | Build | House |
| 28:38 | Build | House |
| 28:38 | Build | House |
| 28:39 | Queue | Villager (Male) |
| 28:40 | Queue | Villager (Male) |
| 28:48 | Build | Town Center |
| 28:53 | Build | Mining Camp |
| 28:54 | Queue | Villager (Male) |
| 28:54 | Queue | Villager (Male) |
| 28:54 | Queue | Villager (Male) |
| 29:53 | Queue | Villager (Male) |
| 29:53 | Queue | Villager (Male) |
| 29:54 | Queue | Villager (Male) |
| 30:10 | Build | Town Center |
| 30:25 | Queue | Hand Cannoneer ×5 |
| 30:25 | Queue | Hand Cannoneer ×5 |
| 30:34 | Queue | Villager (Male) |
| 30:38 | Build | Farm |
| 30:39 | Build | Farm |
| 30:39 | Build | Farm |
| 30:39 | Build | Farm |
| 30:39 | Build | Farm |
| 32:27 | Queue | Bombard Cannon |
Build order — MA
First 150 of 324 actions detected
| 0:01 | Queue | Villager (Male) |
| 0:02 | Queue | Villager (Male) |
| 0:04 | Build | House |
| 0:06 | Build | House |
| 0:15 | Queue | Villager (Male) |
| 0:16 | Queue | Villager (Male) |
| 0:36 | Research | Loom |
| 1:42 | Queue | Villager (Male) |
| 1:42 | Queue | Villager (Male) |
| 1:50 | Queue | Villager (Male) |
| 2:12 | Queue | Villager (Male) |
| 2:12 | Queue | Villager (Male) |
| 2:45 | Queue | Villager (Male) |
| 3:12 | Queue | Villager (Male) |
| 3:12 | Queue | Villager (Male) |
| 3:33 | Build | House |
| 3:35 | Build | House |
| 3:37 | Queue | Villager (Male) |
| 4:05 | Queue | Villager (Male) |
| 4:42 | Queue | Villager (Male) |
| 4:42 | Queue | Villager (Male) |
| 4:43 | Queue | Villager (Male) |
| 4:47 | Queue | Villager (Male) |
| 5:10 | Queue | Villager (Male) |
| 5:20 | Build | Mill |
| 5:35 | Queue | Villager (Male) |
| 5:38 | Queue | Villager (Male) |
| 5:55 | Queue | Villager (Male) |
| 5:57 | Queue | Villager (Male) |
| 6:04 | Build | House |
| 6:06 | Build | House |
| 6:44 | Queue | Villager (Male) |
| 6:44 | Queue | Villager (Male) |
| 6:45 | Queue | Villager (Male) |
| 6:45 | Queue | Villager (Male) |
| 7:01 | Queue | Villager (Male) |
| 7:43 | Build | Lumber Camp |
| 7:49 | Build | Lumber Camp |
| 8:43 | Research | Feudal Age |
| 9:14 | Build | Farm |
| 9:14 | Build | Farm |
| 9:17 | Build | Farm |
| 9:18 | Build | Farm |
| 9:27 | Build | Mining Camp |
| 9:37 | Build | Farm |
| 9:56 | Build | Farm |
| 10:01 | Build | Farm |
| 10:19 | Build | Farm |
| 10:25 | Build | Farm |
| 10:42 | Build | Farm |
| 10:50 | Build | House |
| 10:52 | Build | House |
| 12:07 | Queue | Villager (Male) |
| 12:07 | Queue | Villager (Male) |
| 12:07 | Queue | Villager (Male) |
| 12:08 | Queue | Villager (Male) |
| 12:08 | Queue | Villager (Male) |
| 12:08 | Queue | Villager (Male) |
| 12:08 | Queue | Villager (Male) |
| 12:09 | Queue | Villager (Male) |
| 12:10 | Queue | Villager (Male) |
| 12:10 | Queue | Villager (Male) |
| 12:11 | Queue | Villager (Male) |
| 12:12 | Age | Feudal Age |
| 12:15 | Build | Farm |
| 12:24 | Build | Market |
| 12:53 | Research | Double-Bit Axe |
| 13:01 | Build | Blacksmith |
| 13:33 | Build | Mining Camp |
| 13:45 | Build | Farm |
| 14:24 | Build | Barracks |
| 15:08 | Research | Castle Age |
| 15:08 | Research | Castle Age |
| 17:28 | Queue | Villager (Male) |
| 17:28 | Queue | Villager (Male) |
| 17:28 | Queue | Villager (Male) |
| 17:28 | Queue | Villager (Male) |
| 17:29 | Queue | Villager (Male) |
| 17:29 | Queue | Villager (Male) |
| 17:29 | Queue | Villager (Male) |
| 17:30 | Queue | Villager (Male) |
| 17:31 | Queue | Villager (Male) |
| 17:31 | Queue | Villager (Male) |
| 17:48 | Age | Castle Age |
| 17:51 | Build | Town Center |
| 17:56 | Build | Town Center |
| 18:00 | Build | Town Center |
| 18:04 | Queue | Villager (Male) |
| 18:04 | Queue | Villager (Male) |
| 18:04 | Queue | Villager (Male) |
| 18:16 | Build | Monastery |
| 18:41 | Queue | Villager (Male) |
| 18:41 | Queue | Villager (Male) |
| 18:42 | Queue | Villager (Male) |
| 18:47 | Queue | Monk |
| 18:51 | Queue | Villager (Male) |
| 18:52 | Queue | Villager (Male) |
| 18:52 | Queue | Villager (Male) |
| 18:52 | Queue | Villager (Male) |
| 18:52 | Queue | Villager (Male) |
| 18:54 | Queue | Villager (Male) |
| 18:54 | Queue | Villager (Male) |
| 18:54 | Queue | Villager (Male) |
| 19:08 | Queue | Villager (Male) |
| 19:09 | Queue | Villager (Male) |
| 19:09 | Queue | Villager (Male) |
| 19:09 | Queue | Villager (Male) |
| 19:18 | Build | Farm |
| 19:19 | Build | Farm |
| 19:24 | Queue | Monk |
| 19:38 | Research | Bow Saw |
| 19:50 | Queue | Villager (Male) |
| 19:50 | Queue | Villager (Male) |
| 19:51 | Queue | Villager (Male) |
| 19:51 | Queue | Villager (Male) |
| 20:02 | Queue | Villager (Male) |
| 20:06 | Build | Farm |
| 20:07 | Build | Farm |
| 20:09 | Build | Farm |
| 20:13 | Build | Farm |
| 20:16 | Queue | Villager (Male) |
| 20:16 | Queue | Villager (Male) |
| 20:23 | Build | House |
| 20:24 | Build | House |
| 20:25 | Build | House |
| 20:26 | Build | House |
| 20:33 | Queue | Monk |
| 20:46 | Queue | Villager (Male) |
| 20:46 | Queue | Villager (Male) |
| 20:48 | Queue | Villager (Male) |
| 20:56 | Queue | Villager (Male) |
| 21:00 | Build | Farm |
| 21:01 | Build | Farm |
| 21:01 | Build | Farm |
| 21:01 | Build | Farm |
| 21:15 | Build | Farm |
| 21:16 | Queue | Villager (Male) |
| 21:17 | Queue | Villager (Male) |
| 21:29 | Build | Castle |
| 21:44 | Queue | Villager (Male) |
| 21:45 | Queue | Villager (Male) |
| 21:45 | Queue | Villager (Male) |
| 21:45 | Queue | Villager (Male) |
| 21:46 | Queue | Monk |
| 21:46 | Queue | Monk |
| 22:06 | Queue | Villager (Male) |
| 22:06 | Queue | Villager (Male) |
| 22:07 | Queue | Villager (Male) |
| 22:07 | Queue | Villager (Male) |
| 22:14 | Queue | Villager (Male) |
Build order — Gonnar
First 150 of 279 actions detected
| 0:04 | Queue | Villager (Male) |
| 0:04 | Queue | Villager (Male) |
| 0:04 | Queue | Villager (Male) |
| 0:05 | Queue | Villager (Male) |
| 0:06 | Build | House |
| 0:07 | Build | House |
| 1:45 | Queue | Villager (Male) |
| 1:45 | Queue | Villager (Male) |
| 1:52 | Build | Lumber Camp |
| 1:57 | Queue | Villager (Male) |
| 1:57 | Queue | Villager (Male) |
| 1:57 | Queue | Villager (Male) |
| 2:30 | Queue | Villager (Male) |
| 3:02 | Queue | Villager (Male) |
| 3:28 | Queue | Villager (Male) |
| 3:50 | Queue | Villager (Male) |
| 3:59 | Build | House |
| 4:04 | Build | House |
| 4:06 | Queue | Villager (Male) |
| 4:40 | Queue | Villager (Male) |
| 4:41 | Queue | Villager (Male) |
| 5:29 | Queue | Villager (Male) |
| 6:07 | Queue | Villager (Male) |
| 6:07 | Queue | Villager (Male) |
| 6:09 | Queue | Villager (Male) |
| 6:09 | Queue | Villager (Male) |
| 6:10 | Queue | Villager (Male) |
| 6:38 | Queue | Villager (Male) |
| 6:59 | Queue | Villager (Male) |
| 7:29 | Build | Mill |
| 7:32 | Build | House |
| 7:34 | Queue | Villager (Male) |
| 8:15 | Queue | Villager (Male) |
| 8:48 | Queue | Villager (Male) |
| 9:09 | Queue | Villager (Male) |
| 9:29 | Queue | Villager (Male) |
| 9:33 | Build | Mining Camp |
| 10:18 | Research | Feudal Age |
| 11:11 | Build | House |
| 11:21 | Build | Barracks |
| 11:45 | Queue | Villager (Male) |
| 12:18 | Build | House |
| 12:28 | Age | Feudal Age |
| 12:30 | Build | Archery Range |
| 12:35 | Build | Stable |
| 12:59 | Queue | Villager (Male) |
| 13:11 | Build | Lumber Camp |
| 13:23 | Queue | Villager (Male) |
| 13:56 | Research | Castle Age |
| 13:59 | Research | Double-Bit Axe |
| 14:05 | Build | House |
| 14:52 | Build | House |
| 15:00 | Build | Archery Range |
| 15:12 | Build | Farm |
| 15:12 | Build | Farm |
| 15:12 | Build | Farm |
| 15:12 | Build | Farm |
| 15:22 | Build | Farm |
| 15:22 | Build | Farm |
| 15:23 | Build | Farm |
| 15:35 | Build | Farm |
| 15:35 | Build | Farm |
| 15:35 | Build | Farm |
| 15:35 | Build | Farm |
| 15:35 | Build | Farm |
| 15:36 | Build | Farm |
| 15:37 | Build | Farm |
| 15:37 | Build | Farm |
| 16:36 | Age | Castle Age |
| 16:40 | Queue | Villager (Male) |
| 16:58 | Build | University |
| 17:04 | Queue | Villager (Male) |
| 17:11 | Research | Elite Skirmisher (upgrade) |
| 17:15 | Queue | Skirmisher |
| 17:15 | Queue | Skirmisher |
| 17:32 | Queue | Villager (Male) |
| 17:42 | Queue | Skirmisher |
| 17:57 | Queue | Villager (Male) |
| 18:07 | Build | Blacksmith |
| 18:11 | Queue | Skirmisher |
| 18:14 | Queue | Skirmisher |
| 18:19 | Queue | Villager (Male) |
| 18:39 | Queue | Villager (Male) |
| 18:53 | Research | Ballistics |
| 18:53 | Research | Ballistics |
| 19:06 | Queue | Villager (Male) |
| 19:10 | Queue | Skirmisher |
| 19:10 | Queue | Skirmisher |
| 19:13 | Research | Fletching |
| 19:21 | Queue | Villager (Male) |
| 19:29 | Queue | Skirmisher |
| 19:30 | Queue | Skirmisher |
| 19:41 | Build | House |
| 19:42 | Build | House |
| 19:45 | Build | House |
| 19:48 | Queue | Villager (Male) |
| 19:53 | Research | Bow Saw |
| 19:56 | Queue | Skirmisher |
| 19:56 | Queue | Skirmisher |
| 20:01 | Research | Padded Archer Armor |
| 20:06 | Research | Padded Archer Armor |
| 20:06 | Research | Padded Archer Armor |
| 20:06 | Research | Padded Archer Armor |
| 20:28 | Queue | Skirmisher |
| 20:28 | Queue | Skirmisher |
| 20:38 | Build | House |
| 20:46 | Build | Monastery |
| 20:50 | Queue | Villager (Male) |
| 20:54 | Queue | Skirmisher |
| 20:54 | Queue | Skirmisher |
| 21:07 | Research | Bodkin Arrow |
| 21:20 | Build | Farm |
| 21:20 | Queue | Villager (Male) |
| 21:26 | Queue | Skirmisher |
| 21:26 | Queue | Skirmisher |
| 21:38 | Queue | Monk |
| 22:02 | Build | House |
| 22:03 | Build | House |
| 22:09 | Queue | Villager (Male) |
| 22:09 | Build | Farm |
| 22:16 | Build | Town Center |
| 22:24 | Build | Lumber Camp |
| 22:33 | Queue | Villager (Male) |
| 22:42 | Build | Farm |
| 22:44 | Queue | Villager (Male) |
| 23:05 | Queue | Skirmisher |
| 23:05 | Queue | Skirmisher |
| 23:17 | Build | Farm |
| 23:27 | Queue | Villager (Male) |
| 23:32 | Build | House |
| 23:33 | Build | House |
| 23:36 | Queue | Skirmisher |
| 23:37 | Queue | Skirmisher |
| 23:48 | Queue | Villager (Male) |
| 23:52 | Build | Farm |
| 24:02 | Research | Leather Archer Armor |
| 24:03 | Research | Leather Archer Armor |
| 24:03 | Research | Leather Archer Armor |
| 24:04 | Research | Leather Archer Armor |
| 24:07 | Queue | Skirmisher |
| 24:08 | Queue | Skirmisher |
| 24:19 | Queue | Villager (Male) |
| 24:20 | Queue | Villager (Male) |
| 24:27 | Queue | Villager (Male) |
| 24:31 | Build | Town Center |
| 24:41 | Build | Lumber Camp |
| 25:01 | Queue | Villager (Male) |
| 25:02 | Queue | Villager (Male) |
| 25:19 | Build | House |
| 25:27 | Queue | Villager (Male) |
Build order — 福゚゙
First 150 of 278 actions detected
| 0:04 | Queue | Villager (Male) |
| 0:05 | Queue | Villager (Male) |
| 0:05 | Queue | Villager (Male) |
| 0:08 | Build | House |
| 0:13 | Build | House |
| 0:14 | Build | House |
| 0:14 | Build | House |
| 0:16 | Build | House |
| 1:07 | Queue | Villager (Male) |
| 1:48 | Queue | Villager (Male) |
| 1:48 | Queue | Villager (Male) |
| 2:22 | Queue | Villager (Male) |
| 2:22 | Queue | Villager (Male) |
| 2:39 | Queue | Villager (Male) |
| 2:39 | Queue | Villager (Male) |
| 3:16 | Queue | Villager (Male) |
| 3:17 | Queue | Villager (Male) |
| 3:33 | Build | Mining Camp |
| 3:44 | Queue | Villager (Male) |
| 3:44 | Queue | Villager (Male) |
| 4:19 | Queue | Villager (Male) |
| 4:19 | Queue | Villager (Male) |
| 4:20 | Queue | Villager (Male) |
| 4:39 | Queue | Villager (Male) |
| 4:39 | Queue | Villager (Male) |
| 4:59 | Build | Mill |
| 5:28 | Queue | Villager (Male) |
| 5:28 | Queue | Villager (Male) |
| 6:03 | Queue | Villager (Male) |
| 6:04 | Queue | Villager (Male) |
| 6:07 | Queue | Villager (Male) |
| 6:08 | Queue | Villager (Male) |
| 6:08 | Queue | Villager (Male) |
| 7:14 | Build | Lumber Camp |
| 7:28 | Build | Lumber Camp |
| 7:48 | Queue | Villager (Male) |
| 7:48 | Queue | Villager (Male) |
| 7:49 | Queue | Villager (Male) |
| 7:50 | Queue | Villager (Male) |
| 9:30 | Research | Feudal Age |
| 9:57 | Build | Pasture |
| 10:09 | Build | Pasture |
| 11:40 | Age | Feudal Age |
| 11:42 | Queue | Villager (Male) |
| 11:42 | Queue | Villager (Male) |
| 11:43 | Queue | Villager (Male) |
| 12:12 | Build | Market |
| 12:17 | Build | Blacksmith |
| 12:36 | Build | Pasture |
| 12:58 | Research | Castle Age |
| 13:34 | Research | Double-Bit Axe |
| 14:12 | Build | House |
| 14:13 | Build | House |
| 14:14 | Build | House |
| 15:15 | Queue | Villager (Male) |
| 15:16 | Queue | Villager (Male) |
| 15:21 | Research | Tech 1014 |
| 15:38 | Age | Castle Age |
| 15:43 | Build | Town Center |
| 16:04 | Build | Barracks |
| 16:27 | Queue | Villager (Male) |
| 16:54 | Queue | Villager (Male) |
| 17:06 | Build | Town Center |
| 17:26 | Queue | Villager (Male) |
| 17:26 | Queue | Villager (Male) |
| 17:27 | Queue | Villager (Male) |
| 17:28 | Queue | Villager (Male) |
| 17:29 | Queue | Villager (Male) |
| 17:35 | Research | Bow Saw |
| 17:50 | Queue | Villager (Male) |
| 18:15 | Research | Wheelbarrow |
| 18:32 | Build | Siege Workshop |
| 18:36 | Queue | Fire Lancer |
| 18:36 | Queue | Fire Lancer |
| 18:37 | Queue | Villager (Male) |
| 18:37 | Queue | Villager (Male) |
| 18:55 | Queue | Villager (Male) |
| 18:55 | Queue | Villager (Male) |
| 19:02 | Build | Pasture |
| 19:07 | Build | Pasture |
| 19:20 | Build | Pasture |
| 19:33 | Build | Pasture |
| 19:35 | Queue | Villager (Male) |
| 19:35 | Queue | Villager (Male) |
| 19:42 | Queue | Fire Lancer |
| 19:42 | Queue | Fire Lancer |
| 19:45 | Queue | Villager (Male) |
| 19:46 | Queue | Villager (Male) |
| 19:58 | Build | Pasture |
| 20:05 | Build | Pasture |
| 20:07 | Queue | Villager (Male) |
| 20:07 | Queue | Villager (Male) |
| 20:07 | Queue | Villager (Male) |
| 20:20 | Build | House |
| 20:21 | Build | House |
| 20:22 | Build | House |
| 20:24 | Queue | Villager (Male) |
| 20:24 | Queue | Villager (Male) |
| 20:25 | Queue | Villager (Male) |
| 20:26 | Queue | Villager (Male) |
| 20:31 | Build | Pasture |
| 20:35 | Queue | Villager (Male) |
| 20:51 | Build | Pasture |
| 20:54 | Queue | Villager (Male) |
| 20:54 | Queue | Villager (Male) |
| 20:54 | Queue | Villager (Male) |
| 20:55 | Queue | Villager (Male) |
| 21:02 | Queue | Battering Ram |
| 21:08 | Queue | Fire Lancer |
| 21:08 | Queue | Fire Lancer |
| 21:13 | Queue | Villager (Male) |
| 21:13 | Queue | Villager (Male) |
| 21:13 | Queue | Villager (Male) |
| 21:15 | Queue | Villager (Male) |
| 21:16 | Queue | Villager (Male) |
| 21:35 | Queue | Battering Ram |
| 21:40 | Queue | Villager (Male) |
| 21:40 | Queue | Villager (Male) |
| 21:41 | Queue | Villager (Male) |
| 21:41 | Queue | Villager (Male) |
| 21:46 | Build | Pasture |
| 21:52 | Build | Pasture |
| 21:55 | Queue | Villager (Male) |
| 21:55 | Queue | Villager (Male) |
| 21:55 | Queue | Villager (Male) |
| 21:55 | Queue | Villager (Male) |
| 21:59 | Build | House |
| 22:00 | Build | House |
| 22:04 | Research | Gambesons |
| 22:19 | Queue | Villager (Male) |
| 22:19 | Queue | Villager (Male) |
| 22:19 | Queue | Villager (Male) |
| 22:29 | Build | Pasture |
| 22:32 | Queue | Villager (Male) |
| 22:32 | Queue | Villager (Male) |
| 22:37 | Queue | Battering Ram |
| 22:39 | Queue | Villager (Male) |
| 22:40 | Queue | Villager (Male) |
| 22:52 | Research | Gold Mining |
| 22:58 | Queue | Fire Lancer |
| 22:59 | Queue | Fire Lancer |
| 23:03 | Research | Squires |
| 23:19 | Build | University |
| 23:21 | Queue | Villager (Male) |
| 23:21 | Queue | Villager (Male) |
| 23:28 | Build | Lumber Camp |
| 23:33 | Build | Pasture |
| 23:40 | Queue | Villager (Male) |
| 23:41 | Queue | Villager (Male) |
| 23:54 | Queue | Villager (Male) |
Build order — 苍白的时间
First 150 of 477 actions detected
| 0:01 | Queue | Villager (Male) |
| 0:01 | Queue | Villager (Male) |
| 0:02 | Queue | Villager (Male) |
| 0:03 | Build | House |
| 0:04 | Build | House |
| 0:06 | Queue | Villager (Male) |
| 0:06 | Queue | Villager (Male) |
| 1:21 | Queue | Villager (Male) |
| 1:21 | Queue | Villager (Male) |
| 1:43 | Build | Lumber Camp |
| 2:01 | Queue | Villager (Male) |
| 2:02 | Queue | Villager (Male) |
| 2:21 | Queue | Villager (Male) |
| 2:22 | Queue | Villager (Male) |
| 2:47 | Queue | Villager (Male) |
| 2:47 | Queue | Villager (Male) |
| 3:02 | Queue | Villager (Male) |
| 3:03 | Queue | Villager (Male) |
| 3:03 | Queue | Villager (Male) |
| 3:35 | Queue | Villager (Male) |
| 3:35 | Queue | Villager (Male) |
| 3:48 | Build | House |
| 3:58 | Build | House |
| 4:00 | Build | House |
| 4:43 | Queue | Villager (Male) |
| 4:43 | Queue | Villager (Male) |
| 4:57 | Build | Mill |
| 5:08 | Queue | Villager (Male) |
| 5:09 | Queue | Villager (Male) |
| 5:15 | Queue | Villager (Male) |
| 5:15 | Queue | Villager (Male) |
| 5:18 | Queue | Villager (Male) |
| 5:19 | Queue | Villager (Male) |
| 5:46 | Queue | Villager (Male) |
| 5:46 | Queue | Villager (Male) |
| 5:46 | Queue | Villager (Male) |
| 6:11 | Queue | Villager (Male) |
| 6:11 | Queue | Villager (Male) |
| 6:33 | Queue | Villager (Male) |
| 6:34 | Queue | Villager (Male) |
| 7:00 | Queue | Villager (Male) |
| 7:00 | Queue | Villager (Male) |
| 7:05 | Build | Farm |
| 7:08 | Build | Farm |
| 7:29 | Queue | Villager (Male) |
| 7:29 | Queue | Villager (Male) |
| 7:43 | Queue | Villager (Male) |
| 7:43 | Queue | Villager (Male) |
| 8:28 | Build | Mining Camp |
| 8:31 | Research | Feudal Age |
| 9:24 | Build | Farm |
| 9:26 | Build | Farm |
| 9:42 | Build | Farm |
| 10:39 | Queue | Villager (Male) |
| 10:39 | Queue | Villager (Male) |
| 10:47 | Age | Feudal Age |
| 10:55 | Build | Market |
| 10:57 | Build | Blacksmith |
| 11:47 | Research | Castle Age |
| 11:47 | Research | Castle Age |
| 12:26 | Research | Double-Bit Axe |
| 12:58 | Research | Horse Collar |
| 12:59 | Research | Horse Collar |
| 14:13 | Age | Castle Age |
| 14:16 | Build | Town Center |
| 14:19 | Build | Town Center |
| 14:20 | Queue | Villager (Male) |
| 14:20 | Queue | Villager (Male) |
| 14:20 | Queue | Villager (Male) |
| 14:31 | Build | Farm |
| 14:43 | Research | Heavy Plow |
| 14:43 | Research | Heavy Plow |
| 14:59 | Queue | Villager (Male) |
| 14:59 | Queue | Villager (Male) |
| 15:04 | Build | Farm |
| 15:18 | Queue | Villager (Male) |
| 15:18 | Queue | Villager (Male) |
| 15:23 | Build | Farm |
| 15:25 | Build | Farm |
| 15:35 | Queue | Villager (Male) |
| 15:39 | Build | House |
| 15:43 | Build | Farm |
| 15:44 | Queue | Villager (Male) |
| 15:44 | Queue | Villager (Male) |
| 15:50 | Build | Farm |
| 15:52 | Build | Farm |
| 15:57 | Build | Farm |
| 15:59 | Build | Farm |
| 16:00 | Queue | Villager (Male) |
| 16:00 | Queue | Villager (Male) |
| 16:05 | Build | Farm |
| 16:15 | Build | Farm |
| 16:16 | Queue | Villager (Male) |
| 16:17 | Queue | Villager (Male) |
| 16:20 | Build | House |
| 16:31 | Build | Farm |
| 16:32 | Queue | Villager (Male) |
| 16:32 | Queue | Villager (Male) |
| 16:33 | Queue | Villager (Male) |
| 16:47 | Queue | Villager (Male) |
| 16:48 | Queue | Villager (Male) |
| 16:49 | Queue | Villager (Male) |
| 16:49 | Queue | Villager (Male) |
| 16:52 | Build | Farm |
| 16:55 | Build | Farm |
| 17:01 | Build | Farm |
| 17:02 | Queue | Villager (Male) |
| 17:03 | Queue | Villager (Male) |
| 17:08 | Build | House |
| 17:10 | Queue | Villager (Male) |
| 17:10 | Queue | Villager (Male) |
| 17:15 | Queue | Villager (Male) |
| 17:15 | Queue | Villager (Male) |
| 17:25 | Queue | Villager (Male) |
| 17:25 | Queue | Villager (Male) |
| 17:32 | Queue | Villager (Male) |
| 17:33 | Queue | Villager (Male) |
| 17:38 | Build | Farm |
| 17:41 | Build | Farm |
| 17:44 | Build | Farm |
| 17:44 | Queue | Villager (Male) |
| 17:45 | Queue | Villager (Male) |
| 17:45 | Queue | Villager (Male) |
| 17:54 | Build | Farm |
| 17:57 | Queue | Villager (Male) |
| 17:58 | Queue | Villager (Male) |
| 17:58 | Queue | Villager (Male) |
| 18:03 | Build | House |
| 18:04 | Build | House |
| 18:05 | Build | House |
| 18:06 | Queue | Villager (Male) |
| 18:07 | Queue | Villager (Male) |
| 18:13 | Queue | Villager (Male) |
| 18:14 | Queue | Villager (Male) |
| 18:25 | Queue | Villager (Male) |
| 18:31 | Build | Farm |
| 18:37 | Research | Bow Saw |
| 18:45 | Queue | Villager (Male) |
| 18:46 | Queue | Villager (Male) |
| 18:50 | Build | Farm |
| 18:52 | Build | Farm |
| 18:53 | Queue | Villager (Male) |
| 18:53 | Queue | Villager (Male) |
| 18:57 | Queue | Villager (Male) |
| 18:57 | Queue | Villager (Male) |
| 19:00 | Queue | Villager (Male) |
| 19:00 | Queue | Villager (Male) |
| 19:08 | Build | Farm |
| 19:11 | Queue | Villager (Male) |
| 19:11 | Queue | Villager (Male) |
Build order — chichimp
First 150 of 315 actions detected
| 0:01 | Queue | Villager (Male) |
| 0:02 | Queue | Villager (Male) |
| 0:02 | Queue | Villager (Male) |
| 0:02 | Queue | Villager (Male) |
| 0:03 | Build | House |
| 0:05 | Build | House |
| 1:25 | Queue | Villager (Male) |
| 1:25 | Queue | Villager (Male) |
| 1:47 | Build | Lumber Camp |
| 2:01 | Queue | Villager (Male) |
| 2:01 | Queue | Villager (Male) |
| 2:14 | Queue | Villager (Male) |
| 2:44 | Queue | Villager (Male) |
| 2:45 | Queue | Villager (Male) |
| 3:03 | Queue | Villager (Male) |
| 3:30 | Build | House |
| 3:31 | Build | House |
| 3:33 | Queue | Villager (Male) |
| 3:57 | Queue | Villager (Male) |
| 4:00 | Build | Mill |
| 4:36 | Queue | Villager (Male) |
| 4:36 | Queue | Villager (Male) |
| 5:20 | Queue | Villager (Male) |
| 5:22 | Queue | Villager (Male) |
| 5:38 | Queue | Villager (Male) |
| 6:19 | Queue | Villager (Male) |
| 6:48 | Queue | Villager (Male) |
| 7:08 | Queue | Villager (Male) |
| 7:25 | Queue | Villager (Male) |
| 8:06 | Build | Lumber Camp |
| 8:15 | Queue | Villager (Male) |
| 8:39 | Build | Mining Camp |
| 8:44 | Research | Feudal Age |
| 9:53 | Build | House |
| 9:56 | Queue | Villager (Male) |
| 10:57 | Age | Feudal Age |
| 10:58 | Build | Market |
| 11:02 | Build | Blacksmith |
| 11:07 | Queue | Villager (Male) |
| 11:14 | Research | Loom |
| 11:23 | Research | Horse Collar |
| 11:29 | Build | Farm |
| 11:33 | Build | Farm |
| 11:36 | Build | Farm |
| 11:39 | Build | Farm |
| 11:49 | Queue | Villager (Male) |
| 11:59 | Build | Mill |
| 12:05 | Queue | Villager (Male) |
| 12:09 | Build | Farm |
| 12:10 | Build | Farm |
| 12:19 | Build | Farm |
| 12:24 | Build | Farm |
| 12:33 | Queue | Villager (Male) |
| 12:44 | Build | Farm |
| 13:06 | Queue | Villager (Male) |
| 13:34 | Queue | Villager (Male) |
| 13:53 | Research | Castle Age |
| 13:57 | Build | Farm |
| 14:41 | Research | Double-Bit Axe |
| 15:15 | Build | Farm |
| 16:12 | Queue | Villager (Male) |
| 16:19 | Build | House |
| 16:39 | Age | Castle Age |
| 16:44 | Build | Town Center |
| 16:45 | Queue | Villager (Male) |
| 16:47 | Research | Heavy Plow |
| 16:49 | Queue | Villager (Male) |
| 16:50 | Queue | Villager (Male) |
| 17:13 | Build | House |
| 17:23 | Queue | Villager (Male) |
| 17:39 | Build | Castle |
| 17:42 | Build | Mining Camp |
| 18:18 | Queue | Villager (Male) |
| 18:23 | Queue | Villager (Male) |
| 18:52 | Queue | Villager (Male) |
| 18:53 | Queue | Villager (Male) |
| 18:53 | Queue | Villager (Male) |
| 18:53 | Queue | Villager (Male) |
| 19:08 | Build | Siege Workshop |
| 19:18 | Queue | Villager (Male) |
| 19:21 | Queue | Villager (Male) |
| 19:32 | Queue | Villager (Male) |
| 19:38 | Research | Bow Saw |
| 19:40 | Queue | Villager (Male) |
| 19:47 | Queue | Villager (Male) |
| 19:52 | Build | Farm |
| 20:00 | Build | House |
| 20:03 | Queue | Battering Ram |
| 20:03 | Queue | Battering Ram |
| 20:22 | Queue | Villager (Male) |
| 20:35 | Build | House |
| 20:39 | Queue | Battering Ram |
| 20:42 | Queue | Villager (Male) |
| 20:58 | Queue | Villager (Male) |
| 20:58 | Queue | Villager (Male) |
| 21:09 | Build | Town Center |
| 21:12 | Queue | Villager (Male) |
| 21:13 | Queue | Villager (Male) |
| 21:27 | Build | Barracks |
| 21:38 | Queue | Villager (Male) |
| 21:47 | Build | Farm |
| 21:50 | Build | Farm |
| 22:04 | Queue | Villager (Male) |
| 22:06 | Queue | Villager (Male) |
| 22:06 | Queue | Villager (Male) |
| 22:11 | Build | Farm |
| 22:18 | Build | Stable |
| 22:20 | Research | Scale Barding Armor |
| 22:21 | Research | Forging |
| 22:23 | Queue | Villager (Male) |
| 22:24 | Queue | Villager (Male) |
| 22:31 | Build | Mill |
| 22:38 | Build | Mill |
| 22:42 | Queue | Villager (Male) |
| 22:49 | Build | Stable |
| 22:52 | Research | Bloodlines |
| 22:56 | Queue | Villager (Male) |
| 23:03 | Build | Farm |
| 23:04 | Build | Farm |
| 23:06 | Build | Farm |
| 23:10 | Queue | Villager (Male) |
| 23:13 | Queue | Villager (Male) |
| 23:13 | Queue | Villager (Male) |
| 23:15 | Queue | Villager (Male) |
| 23:18 | Research | Loom |
| 23:20 | Queue | Villager (Male) |
| 23:23 | Build | Farm |
| 23:25 | Queue | Knight |
| 23:32 | Build | Stable |
| 23:35 | Queue | Knight |
| 23:36 | Queue | Knight |
| 23:41 | Queue | Villager (Male) |
| 23:47 | Build | Farm |
| 23:51 | Build | Farm |
| 23:55 | Queue | Villager (Male) |
| 24:01 | Build | Farm |
| 24:04 | Queue | Villager (Male) |
| 24:12 | Build | Farm |
| 24:19 | Queue | Knight |
| 24:28 | Research | Chain Barding Armor |
| 24:37 | Queue | Villager (Male) |
| 24:47 | Build | Farm |
| 24:49 | Queue | Villager (Male) |
| 24:50 | Research | Wheelbarrow |
| 24:58 | Research | Iron Casting |
| 25:11 | Queue | Villager (Male) |
| 25:17 | Build | House |
| 25:27 | Build | Mill |
| 25:29 | Build | Farm |
| 25:29 | Build | Farm |
Build order — uniods
First 150 of 472 actions detected
| 0:00 | Queue | Villager (Male) |
| 0:00 | Queue | Villager (Male) |
| 0:01 | Queue | Villager (Male) |
| 0:02 | Build | House |
| 0:04 | Build | House |
| 0:11 | Queue | Villager (Male) |
| 0:11 | Queue | Villager (Male) |
| 1:27 | Queue | Villager (Male) |
| 1:27 | Queue | Villager (Male) |
| 1:53 | Queue | Villager (Male) |
| 1:53 | Queue | Villager (Male) |
| 2:13 | Build | Lumber Camp |
| 2:18 | Queue | Villager (Male) |
| 2:18 | Queue | Villager (Male) |
| 2:19 | Queue | Villager (Male) |
| 3:02 | Queue | Villager (Male) |
| 3:03 | Queue | Villager (Male) |
| 3:23 | Build | House |
| 3:33 | Queue | Villager (Male) |
| 3:33 | Queue | Villager (Male) |
| 3:46 | Queue | Villager (Male) |
| 3:46 | Queue | Villager (Male) |
| 4:24 | Build | Mill |
| 4:31 | Queue | Villager (Male) |
| 4:32 | Queue | Villager (Male) |
| 4:32 | Queue | Villager (Male) |
| 4:50 | Queue | Villager (Male) |
| 4:51 | Queue | Villager (Male) |
| 5:08 | Build | House |
| 5:10 | Queue | Villager (Male) |
| 5:10 | Queue | Villager (Male) |
| 5:46 | Queue | Villager (Male) |
| 5:46 | Queue | Villager (Male) |
| 5:47 | Queue | Villager (Male) |
| 6:30 | Build | Farm |
| 7:33 | Queue | Villager (Male) |
| 8:17 | Research | Feudal Age |
| 8:18 | Research | Feudal Age |
| 9:51 | Build | House |
| 9:59 | Queue | Villager (Male) |
| 10:00 | Queue | Villager (Male) |
| 10:30 | Age | Feudal Age |
| 10:33 | Build | Blacksmith |
| 10:35 | Build | Market |
| 10:36 | Research | Double-Bit Axe |
| 10:42 | Research | Horse Collar |
| 10:49 | Build | Farm |
| 11:11 | Build | Farm |
| 11:16 | Build | House |
| 11:38 | Build | Farm |
| 11:42 | Research | Castle Age |
| 11:42 | Research | Castle Age |
| 13:04 | Queue | Villager (Male) |
| 13:08 | Build | Farm |
| 13:13 | Build | Farm |
| 14:22 | Age | Castle Age |
| 14:24 | Build | Town Center |
| 14:27 | Build | Town Center |
| 14:28 | Research | Bow Saw |
| 14:29 | Queue | Villager (Male) |
| 14:35 | Build | Farm |
| 14:36 | Build | Farm |
| 14:49 | Build | Farm |
| 14:51 | Queue | Villager (Male) |
| 15:05 | Build | Farm |
| 15:12 | Queue | Villager (Male) |
| 15:14 | Build | Farm |
| 15:35 | Build | Farm |
| 15:40 | Queue | Villager (Male) |
| 15:42 | Build | Farm |
| 15:45 | Queue | Villager (Male) |
| 15:45 | Queue | Villager (Male) |
| 15:48 | Build | Farm |
| 15:49 | Build | Farm |
| 15:53 | Build | Farm |
| 15:58 | Build | Farm |
| 15:59 | Queue | Villager (Male) |
| 15:59 | Queue | Villager (Male) |
| 16:04 | Queue | Villager (Male) |
| 16:04 | Queue | Villager (Male) |
| 16:11 | Build | Farm |
| 16:21 | Queue | Villager (Male) |
| 16:21 | Queue | Villager (Male) |
| 16:31 | Build | Farm |
| 16:31 | Build | Farm |
| 16:32 | Queue | Villager (Male) |
| 16:33 | Queue | Villager (Male) |
| 16:38 | Queue | Villager (Male) |
| 16:39 | Queue | Villager (Male) |
| 16:42 | Build | Farm |
| 16:44 | Queue | Villager (Male) |
| 16:56 | Build | Farm |
| 17:00 | Queue | Villager (Male) |
| 17:02 | Queue | Villager (Male) |
| 17:02 | Queue | Villager (Male) |
| 17:06 | Build | Farm |
| 17:09 | Queue | Villager (Male) |
| 17:09 | Queue | Villager (Male) |
| 17:20 | Build | House |
| 17:25 | Queue | Villager (Male) |
| 17:25 | Queue | Villager (Male) |
| 17:29 | Queue | Villager (Male) |
| 17:30 | Queue | Villager (Male) |
| 17:32 | Queue | Villager (Male) |
| 17:33 | Queue | Villager (Male) |
| 17:41 | Queue | Villager (Male) |
| 17:42 | Queue | Villager (Male) |
| 17:53 | Queue | Villager (Male) |
| 17:53 | Queue | Villager (Male) |
| 17:56 | Build | Town Center |
| 18:00 | Queue | Villager (Male) |
| 18:01 | Queue | Villager (Male) |
| 18:01 | Queue | Villager (Male) |
| 18:05 | Build | House |
| 18:12 | Queue | Villager (Male) |
| 18:13 | Queue | Villager (Male) |
| 18:28 | Build | House |
| 18:29 | Queue | Villager (Male) |
| 18:30 | Queue | Villager (Male) |
| 18:30 | Queue | Villager (Male) |
| 18:32 | Queue | Villager (Male) |
| 18:32 | Queue | Villager (Male) |
| 18:38 | Queue | Villager (Male) |
| 18:38 | Queue | Villager (Male) |
| 18:47 | Build | Farm |
| 18:49 | Queue | Villager (Male) |
| 18:50 | Queue | Villager (Male) |
| 18:55 | Build | Town Center |
| 18:58 | Queue | Villager (Male) |
| 18:58 | Queue | Villager (Male) |
| 18:58 | Queue | Villager (Male) |
| 19:05 | Build | House |
| 19:12 | Queue | Villager (Male) |
| 19:14 | Build | Farm |
| 19:15 | Queue | Villager (Male) |
| 19:16 | Queue | Villager (Male) |
| 19:19 | Build | Farm |
| 19:24 | Queue | Villager (Male) |
| 19:24 | Queue | Villager (Male) |
| 19:30 | Build | Farm |
| 19:31 | Queue | Villager (Male) |
| 19:31 | Queue | Villager (Male) |
| 19:39 | Build | House |
| 19:39 | Queue | Villager (Male) |
| 19:42 | Build | Farm |
| 19:44 | Build | Farm |
| 19:46 | Queue | Villager (Male) |
| 19:46 | Queue | Villager (Male) |
| 19:48 | Build | Farm |
| 19:49 | Queue | Villager (Male) |
Match timeline
| 10:30 | uniods · age_up feudal |
| 10:41 | ἈΔΕΛΦΌΣ · age_up feudal |
| 10:47 | 苍白的时间 · age_up feudal |
| 10:57 | chichimp · age_up feudal |
| 11:21 | Gonnar · first_building Barracks |
| 11:40 | 福゚゙ · age_up feudal |
| 12:12 | MA · age_up feudal |
| 12:28 | Gonnar · age_up feudal |
| 12:30 | Gonnar · first_building Archery Range |
| 12:35 | Gonnar · first_building Stable |
| 13:11 | chichimp · first_market_buy 100 food |
| 13:12 | 不明步行下體 · age_up feudal |
| 13:38 | chichimp · first_market_sell 100 wood |
| 14:13 | 苍白的时间 · age_up castle |
| 14:22 | uniods · age_up castle |
| 14:23 | ἈΔΕΛΦΌΣ · age_up castle |
| 14:24 | MA · first_building Barracks |
| 15:38 | 福゚゙ · age_up castle |
| 15:56 | 不明步行下體 · first_market_sell 100 wood |
| 16:04 | 福゚゙ · first_building Barracks |
| 16:36 | Gonnar · age_up castle |
| 16:39 | chichimp · age_up castle |
| 17:07 | 不明步行下體 · age_up castle |
| 17:26 | 不明步行下體 · first_building Monastery |
| 17:27 | ἈΔΕΛΦΌΣ · first_market_buy 100 food |
| 17:39 | chichimp · first_building Castle |
| 17:48 | MA · age_up castle |
| 18:10 | MA · first_market_buy 100 wood |
| 18:16 | MA · first_building Monastery |
| 18:32 | 福゚゙ · first_building Siege Workshop |
| 19:08 | chichimp · first_building Siege Workshop |
| 19:14 | 不明步行下體 · first_market_buy 100 food |
| 20:21 | 不明步行下體 · first_building Siege Workshop |
| 20:46 | Gonnar · first_building Monastery |
| 21:17 | 不明步行下體 · first_building Barracks |
| 21:27 | chichimp · first_building Barracks |
| 21:29 | MA · first_building Castle |
| 21:59 | 苍白的时间 · wall_segment Palisade Wall x1 |
| 22:03 | 苍白的时间 · wall_segment Palisade Wall x2 |
| 22:18 | chichimp · first_building Stable |
| 22:40 | uniods · first_building Monastery |
| 23:00 | 不明步行下體 · age_up imperial |
| 23:11 | MA · first_building Stable |
| 23:29 | 苍白的时间 · first_building Monastery |
| 24:24 | uniods · first_building Castle |
| 24:31 | 苍白的时间 · first_building Castle |
| 24:39 | uniods · first_market_sell 100 wood |
| 24:51 | uniods · first_building Siege Workshop |
| 25:05 | 不明步行下體 · first_building Archery Range |
| 26:06 | MA · first_building Siege Workshop |
| 26:39 | 福゚゙ · first_market_sell 100 wood |
| 27:32 | 苍白的时间 · first_building Barracks |
| 27:41 | ἈΔΕΛΦΌΣ · first_building Castle |
| 27:53 | uniods · age_up imperial |
| 28:22 | 苍白的时间 · first_building Stable |
| 28:29 | ἈΔΕΛΦΌΣ · first_building Barracks |
| 28:41 | uniods · first_building Barracks |
| 28:53 | 苍白的时间 · age_up imperial |
| 29:13 | ἈΔΕΛΦΌΣ · first_building Stable |
| 29:54 | ἈΔΕΛΦΌΣ · first_market_sell 100 food |
| 30:52 | Gonnar · first_market_buy 100 stone |
| 31:23 | Gonnar · first_market_sell 100 food |
| 31:44 | MA · age_up imperial |
| 33:06 | ἈΔΕΛΦΌΣ · age_up imperial |
| 33:10 | ἈΔΕΛΦΌΣ · tribute_sent a jugador 1 |
| 33:10 | ἈΔΕΛΦΌΣ · tribute_sent a jugador 3 |
| 33:10 | ἈΔΕΛΦΌΣ · tribute_sent a jugador 4 |
| 33:10 | ἈΔΕΛΦΌΣ · tribute_sent a jugador 5 |
| 33:10 | ἈΔΕΛΦΌΣ · tribute_sent a jugador 6 |
| 33:10 | ἈΔΕΛΦΌΣ · tribute_sent a jugador 7 |
| 33:10 | ἈΔΕΛΦΌΣ · tribute_sent a jugador 8 |
| 34:03 | chichimp · age_up imperial |
| 34:41 | 福゚゙ · age_up imperial |
| 35:21 | 福゚゙ · first_building Castle |
| 36:25 | 福゚゙ · resign |
[ AI ANALYSIS · 1 CREDIT ]
What really happened in this match?
Wolo.gg analyzes every decision: build order, eco, micro, common mistakes by bracket. Personalized analysis on WhatsApp or Discord in 30 seconds.
Civ guide
Teutons
Perfil
Jugador #3225515